 Dungeon Crawl Stone Soup version 0.18.0-1-g0107ab7 (webtiles) character file.

414 wvc the Cudgeler (level 6, 0/47 HPs)
             Began as a Mummy Wanderer on May 5, 2016.
             Was an Initiate of Gozag.
             Slain by Prince Ribbit (8 damage)
             ... on level 5 of the Dungeon.
             The game lasted 00:08:06 (4755 turns).

wvc the Cudgeler (Mummy Wanderer)                   Turns: 4755, Time: 00:08:07

Health: 0/47       AC:  9    Str: 17    XL:     6   Next: 60%
Magic:  6/6        EV:  7    Int:  8    God:    Gozag
Gold:   253        SH:  0    Dex: 15    Spells: 1 memorised, 2 levels left

rFire  x . .     SeeInvis .     a - +0 flail
rCold  + . .     Gourm    .     d - +0 chain mail
rNeg   + + +     Faith    .     (no shield)
rPois  ∞         Spirit   .     (no helmet)
rElec  .         Dismiss  .     (no cloak)
rCorr  +         Reflect  .     e - +0 pair of gloves
SustAt .         Harm     .     (no boots)
MR     .....                    (no amulet)
Stlth  ..........               g - ring of resist corrosion
                                f - ring of wizardry

@: about to teleport, not resistant to hostile enchantments, extremely
unstealthy
A: no food or potions, fire vulnerability, cold resistance 1, negative energy
resistance 3, torment resistance, unbreathing
a: Potion Petition, Call Merchant, Bribe Branch, Renounce Religion


You were on level 5 of the Dungeon.
You worshipped Gozag.
Gozag was noncommittal.
You were not hungry.

You visited 2 branches of the dungeon, and saw 6 of its levels.

You collected 332 gold pieces.
You paid 79 gold pieces to Gozag.

Inventory:

Hand Weapons
 a - a +0 flail (weapon)
 l - the +9 long sword "Mummy's Bane" {flame, rPois rF++ Int+2 Dex-2}
   (You found it on level 5 of the Dungeon)

   It has been specially enchanted to burn those struck by it, causing extra
   injury to most foes and up to half again as much damage against particularly
   susceptible opponents.
   Big, fiery blades are also staple armaments of hydra-hunters.
   It affects your intelligence (+2).
   It affects your dexterity (-2).
   It greatly protects you from fire.
   It protects you from poison.
Missiles
 i - 8 poisoned needles
Armour
 d - a +0 chain mail (worn)
 e - a +0 pair of gloves (worn)
Jewellery
 f - a ring of wizardry (left hand)
 g - a ring of resist corrosion (right hand)
Wands
 b - a wand of lightning (2/15)
Scrolls
 c - 4 scrolls of teleportation
 h - a scroll of amnesia {unknown}
 j - 2 scrolls of magic mapping


   Skills:
 - Level 3.0 Fighting
 - Level 4.4 Maces & Flails
 - Level 1.0 Throwing
 - Level 2.2 Armour
 - Level 1.9 Dodging
 - Level 1.0 Stealth
 - Level 3.0 Necromancy
   Level 1.5 Fire Magic


You had 2 spell levels left.
You knew the following spells:

 Your Spells              Type           Power        Failure   Level  Hunger
a - Vampiric Draining     Necr           #.........   99%         3    N/A

Dungeon Overview and Level Annotations

Branches:
Dungeon (5/15)             Temple (1/1) D:4

Altars:
Elyvilon
Gozag
Kikubaaqudgha
Makhleb
Ru
Sif Muna
Vehumet
Yredelemnul
The Shining One

Annotations:
D:5 Prince Ribbit


Innate Abilities, Weirdness & Mutations

You do not eat or drink.
Your flesh is vulnerable to fire.
You are immune to poison.
Your flesh is cold resistant.
You are immune to negative energy.
You are immune to unholy pain and torment.
You can survive without breathing.


Message History

You hear a mighty clap of thunder!
The bolt of lightning misses Prince Ribbit.
Evoking this partially-identified wand wasted a few charges.
You hear a shout!
Found a purple potion.
You barely miss Prince Ribbit. Prince Ribbit completely misses you.
Prince Ribbit barely misses you.
You miss Prince Ribbit. Prince Ribbit hits you!
You barely miss Prince Ribbit. Prince Ribbit hits you!
Prince Ribbit hits you but does no damage.
You completely miss Prince Ribbit. Prince Ribbit hits you!
* * * LOW HITPOINT WARNING * * *
Prince Ribbit hits you.
* * * LOW HITPOINT WARNING * * *
You closely miss Prince Ribbit. Prince Ribbit barely misses you.
Read which item? (? for menu, Esc to quit)
As you read the scroll of teleportation, it crumbles to dust.
You feel strangely unstable. Prince Ribbit hits you!
You die...
Your body crumbles into a pile of gold.

#.### #.# #.#..
#.# #.#.# #.#
#.#.# #.# #.#.#
#.# ###.#.########
$ #.#
#...)........#
#!.........#.#####
#.#.#.####@F......
#.#.#.# #.#####..
#.#!#.# #.# #
..... ..# ###..
#.# #..# #.# ..#
#.. #!# $


You could see Prince Ribbit.

Vanquished Creatures
  A phantom (D:4)
  A scorpion (D:4)
  A hound (D:3)
  A giant frog skeleton (D:4)
  An orc priest (D:4)
  Ijyb (D:2)
  Natasha (D:2)
  3 gnolls (D:4)
  5 adders
  An ooze (D:2)
  A worm (D:3)
  3 dart slugs
  A giant gecko (D:3)
  4 orcs
  3 giant cockroaches
  6 goblins
  4 hobgoblins
  2 ball pythons (D:3)
  6 bats
  3 giant newts
  9 kobolds
  3 rats (D:3)
61 creatures vanquished.

Notes
Turn   | Place    | Note
--------------------------------------------------------------
     0 | D:1      | wvc the Mummy Wanderer began the quest for the Orb.
     0 | D:1      | wvc set off with: a book of Necromancy, the Disquisition on Attacks, a scroll of teleportation, a +0 robe, a +0 club
     0 | D:1      | Reached XP level 1. HP: 18/18 MP: 1/1
     0 | D:1      | Identified the Disquisition on Attacks
   216 | D:1      | Reached skill level 1 in Maces & Flails
   216 | D:1      | Reached XP level 2. HP: 23/24 MP: 2/2
   821 | D:2      | Noticed Natasha
   824 | D:2      | Noticed a crimson imp
   840 | D:2      | Killed Natasha
   840 | D:2      | Reached skill level 1 in Armour
   840 | D:2      | Reached skill level 1 in Dodging
   840 | D:2      | Reached XP level 3. HP: 3/29 MP: 3/3
  1116 | D:2      | Noticed Ijyb
  1155 | D:2      | Killed Ijyb
  1155 | D:2      | Reached skill level 2 in Maces & Flails
  1155 | D:2      | Reached XP level 4. HP: 24/35 MP: 4/4
  1643 | D:2      | Found a white marble altar of Elyvilon.
  1741 | D:2      | Found a deep blue altar of Sif Muna.
  1742 | D:2      | Found an ancient bone altar of Kikubaaqudgha.
  1742 | D:2      | Found a radiant altar of Vehumet.
  1745 | D:2      | Identified Kikubaaqudgha's Catalogue of Stolen Souls
  1750 | D:2      | Learned a level 3 spell: Vampiric Draining
  2211 | D:3      | Found a glowing golden altar of the Shining One.
  2314 | D:2      | Found a white marble altar of Elyvilon.
  2383 | D:3      | Found a burning altar of Makhleb.
  2397 | D:3      | Reached XP level 5. HP: 30/41 MP: 5/5
  3344 | D:4      | Reached skill level 3 in Maces & Flails
  3786 | D:4      | Reached XP level 6. HP: 29/47 MP: 6/6
  3971 | D:4      | Reached skill level 4 in Maces & Flails
  4136 | D:4      | Found a staircase to the Ecumenical Temple.
  4385 | Temple   | Entered the Ecumenical Temple
  4464 | Temple   | Became a worshipper of Gozag Ym Sagoz the Greedy
  4661 | D:5      | Entered Level 5 of the Dungeon
  4692 | D:5      | Got a transparent long sword
  4693 | D:5      | Identified the +9 long sword "Mummy's Bane" {flame, rPois rF++ Int+2 Dex-2} (You found it on level 5 of the Dungeon)
  4746 | D:5      | Noticed Prince Ribbit
  4755 | D:5      | Slain by Prince Ribbit

Skill      XL: |  1  2  3  4  5  6 |
---------------+-------------------+-----
Maces & Flails | 1 2 3 4 |  4.4
Armour         | 1 2 |  2.2
Dodging        | 1 |  1.9
Fighting       | |  3.0
Throwing       | |  1.0
Stealth        | |  1.0
Necromancy     | |  3.0
Fire Magic     | |  1.5

Action                   |  1- 3 |  4- 6 || total
-------------------------+-------+-------++-------
Melee: Club              |    62 |       ||    62
       Whip              |    62 |    90 ||   152
       Mace              |       |    63 ||    63
       Flail             |       |   133 ||   133
Evoke: Wand              |       |     2 ||     2
  Use: Scroll            |       |     6 ||     6
 Stab: Sleeping          |     1 |       ||     1
Armor: Chain mail        |    69 |   164 ||   233
       Robe              |     5 |       ||     5
Dodge: Dodged            |    42 |   117 ||   159
